 Dungeon Crawl Stone Soup version 0.18-a0-1628-g61c6396 (webtiles) character file.

89 dohliylev the Covert (level 4, 0/33 HPs)
             Began as a Vampire Assassin on Mar 25, 2016.
             Succumbed to a kobold's poison
             ... in a sewer.
             The game lasted 00:06:03 (1379 turns).

dohliylev the Covert (Vampire Assassin)             Turns: 1379, Time: 00:06:04

Health: 0/33       AC:  3    Str: 10    XL:     4   Next: 31%
Magic:  4/4        EV: 12    Int: 13    God:
Gold:   103        SH:  0    Dex: 16    Spells: 0 memorised, 3 levels left

rFire  . . .     SeeInvis +     a - +2 dagger
rCold  . . .     Gourm    .     c - +0 robe
rNeg   . . .     Faith    .     (no shield)
rPois  .         Spirit   .     (no helmet)
rElec  .         Dismiss  .     d - +0 cloak
rCorr  .         Reflect  .     (no gloves)
SustAt .         Harm     .     (no boots)
MR     .....                    (no amulet)
Stlth  +++++.....               (no ring)
                                (no ring)

@: lethally poisoned (0 -> -11), regenerating quickly, not resistant to hostile
enchantments, quite stealthy
A: fangs 3, see invisible, unbreathing
a: no special abilities


You were in a sewer.
You were full.

You visited 1 branch of the dungeon, and saw 3 of its levels.
You also visited: Sewer.

You collected 103 gold pieces.

Inventory:

Hand Weapons
 a - a +2 dagger (weapon)
 b - a +0 blowgun
Missiles
 e - 14 poisoned needles
 f - 2 curare-tipped needles
Armour
 c - a +0 robe (worn)
 d - a +0 cloak (worn)
Jewellery
 o - an uncursed amulet of magic regeneration {unknown}
Scrolls
 h - 2 scrolls of magic mapping {unknown}
 j - a scroll of noise {unknown}
 l - 2 scrolls of remove curse {unknown}
 m - a scroll of recharging {unknown}
 r - a scroll of identify {unknown}
 s - a scroll of immolation {unknown}
 u - a scroll of enchant weapon {unknown}
 v - a scroll of fear {unknown}
Potions
 g - 5 potions of blood
 i - a potion of agility {unknown}
 k - a potion of ambrosia {unknown}
 n - a potion of haste {unknown}
 p - 3 potions of curing {unknown}
 q - a potion of lignification {unknown}
 t - a potion of magic {unknown}


   Skills:
 + Level 2.0 Fighting
 + Level 2.4 Short Blades
 + Level 1.6 Throwing
 + Level 1.3 Dodging
 * Level 8.4 Stealth


You had 3 spell levels left.
You didn't know any spells.

Dungeon Overview and Level Annotations

Branches:
Dungeon (3/15)

Altars:
Fedhas

Annotations:
D:2 Jessica


Innate Abilities, Weirdness & Mutations

Your natural rate of healing is unusually fast.
You have razor-sharp teeth.
You have supernaturally acute eyesight.
You can survive without breathing.


Message History

* * * LOW HITPOINT WARNING * * *
You feel very sick.
* * * LOW HITPOINT WARNING * * *
You feel sick.
Something bites the plant but does no damage.
The kobold shoots a poisoned needle.
The poisoned needle barely misses you.
You enter the shallow water.
Moving in this stuff is going to be slow.
* * * LOW HITPOINT WARNING * * *
You feel sick.
The giant newt bites the plant but does no damage. x2
* * * LOW HITPOINT WARNING * * *
You feel sick.
The giant newt bites the plant but does no damage.
* * * LOW HITPOINT WARNING * * *
You feel sick.
The giant newt bites the plant but does no damage.
Drink which item? (? for menu, Esc to quit)
Yummy - fresh blood!
You die...

#≈#≈≈≈≈##
#≈#≈≈≈≈≈##
#≈#≈≈≈≈≈≈# #.
#≈#.≈≈≈≈≈#
#..#≈#.≈.≈≈≈#
#PPP..∩∩≈.≈##
###.≈....≈≈≈#
#######P..# .≈
≈≈≈≈≈lP@P# #≈
######P.P# #≈
##(≈.≈.≈# #≈
##(.≈≈.≈.# #≈
####†≈.≈...## #
#≈##(≈(K≈≈..≈##
≈≈.#≈#((.≈#≈#≈≈..#
≈≈.(≈)≈≈..#≈#≈...P#
....≈≈...≈#≈#≈.≈.P#


You could see a kobold and a giant newt.

Vanquished Creatures
  A gnoll (D:1)
  3 adders
  An ooze (D:1)
  A worm (D:2)
  A dart slug (D:2)
  3 giant geckos (D:3)
  5 giant cockroaches
  2 goblins
  A hobgoblin (D:1)
  3 jackals (Sewer)
  3 kobolds
  A quokka (D:3)
  2 ball pythons (D:1)
  6 bats
  2 giant newts (D:1)
  6 rats
41 creatures vanquished.

Notes
Turn   | Place    | Note
--------------------------------------------------------------
     0 | D:1      | dohliylev the Vampire Assassin began the quest for the Orb.
     0 | D:1      | Reached XP level 1. HP: 16/16 MP: 1/1
    19 | D:1      | Reached skill level 6 in Stealth
    19 | D:1      | Reached XP level 2. HP: 22/22 MP: 2/2
   325 | D:1      | Reached skill level 7 in Stealth
   493 | D:1      | Reached XP level 3. HP: 27/27 MP: 3/3
   758 | D:2      | Found a blossoming altar of Fedhas.
   969 | D:2      | Noticed Jessica
  1106 | D:3      | Found a glowing drain.
  1132 | D:3      | Reached skill level 8 in Stealth
  1132 | D:3      | Reached XP level 4. HP: 13/33 MP: 4/4
  1301 | Sewer    | Entered a sewer
  1378 | Sewer    | HP: 1/33 [poisoned by a kobold]
  1379 | Sewer    | Succumbed to a kobold's poison

Vault maps used:
D:1:      onia_arrival_handbag, hex_large, minmay_strange_pillars
D:2:      fedhas_altar_3, nicolae_overflow_crystal_walls, uniq_jessica
D:3:      grunt_temple_overflow_magic_moments, first_bread,
          portal_sewer_entry_f, kennysheep_another_room
Sewer:    sewer_co_scattered_pipes

Skill      XL: |  1  2  3 |
---------------+----------+-----
Stealth        | 6 7 8 |  8.4
Fighting       | 2 |  2.0
Short Blades   | |  2.4
Throwing       | |  1.6
Dodging        | |  1.3

Action                   |  1- 3 |  4- 6 || total
-------------------------+-------+-------++-------
Melee: Dagger            |    63 |    33 ||    96
 Fire: Blowgun           |     5 |     3 ||     8
  Use: Potion            |     2 |     2 ||     4
 Stab: Sleeping          |    18 |       ||    18
       Distracted        |     2 |       ||     2
  Eat: Corpse            |     3 |       ||     3
